 Dungeon Crawl Stone Soup version 0.31-a0-40-g1d5085d191 (webtiles) character file.

Game seed: 15754561394988604861

736 Drazool the Slasher (level 7, -1/50 HPs)
             Began as a Demonspawn Gladiator on May 17, 2023.
             Was an Initiate of Makhleb.
             Slain by Duvessa
             ... wielding a +0 short sword
              (11 damage)
             ... on level 5 of the Dungeon.
             The game lasted 00:12:41 (4061 turns).

Drazool the Slasher (Demonspawn Gladiator)          Turns: 4061, Time: 00:12:41

Health: -1/50      AC:  9    Str: 16    XL:     7   Next: 46%
Magic:  7/7        EV: 12    Int: 10    God:    Makhleb [......]
Gold:   160        SH:  0    Dex: 14    Spells: 6/6 levels left

rFire   . . .        s - +0 triple sword (freeze)
rCold   + . .        (shield currently unavailable)
rNeg    . . .        b - +0 leather armour
rPois   .            c - +0 helmet
rElec   .            (no cloak)
rCorr   +            n - +2 pair of gloves "Plog" {rC+}
SInv    .            (no boots)
Will    .....        (no amulet)
Stlth   +            R - ring of resist corrosion
HPRegen 0.28/turn    (no ring)
MPRegen 0.10/turn

%: no passive effects
@: no status effects
A: yellow scales 1, powered by pain 1, demonic magic 1
a: Renounce Religion


You were on level 5 of the Dungeon.
You worshipped Makhleb.
Makhleb was noncommittal.
You visited 2 branches of the dungeon, and saw 6 of its levels.

You collected 160 gold pieces.


Innate Abilities, Weirdness & Mutations

You are partially covered in yellow scales. (AC +2)
You sometimes gain a little power by taking damage.
Spells you cast may paralyse adjacent enemies.


   Skills:
 - Level 2.0 Fighting
 + Level 6.6 Long Blades
 - Level 4.3 Maces & Flails
 - Level 1.7 Throwing
 - Level 2.6 Dodging


You had 6 spell levels left.
You didn't know any spells.
Your spell library contained the following spells:

 Spells                   Type           Power      Damage    Failure   Level
 Beastly Appendage        Tmut           0%         N/A       43%         1
 Magic Dart               Conj           0%         1d3       43%         1
 Slow                     Hex            0%         N/A       43%         1
 Call Imp                 Summ           0%         N/A       56%         2
 Wereblood                Tmut           0%         N/A       56%         2
 Call Canine Familiar     Summ           0%         N/A       80%         3
 Confusing Touch          Hex            0%         N/A       80%         3
 Mephitic Cloud           Conj/Pois/Air  0%         N/A       80%         3
 Portal Projectile        Hex/Tloc       0%         N/A       80%         3
 Spider Form              Tmut/Pois      0%         N/A       80%         3
 Tukima's Dance           Hex            0%         N/A       80%         3
 Vampiric Draining        Necr           0%         2d6       80%         3
 Leda's Liquefaction      Hex/Erth       0%         N/A       99%         4
 Passage of Golubria      Tloc           0%         N/A       99%         4
 Yara's Violent Unravell  Hex/Tmut       0%         3d3       100%        5

Inventory:

Hand Weapons
 a - a +0 flail
 s - a +0 triple sword of freezing (weapon)
Missiles
 d - a throwing net {=f}
 e - a javelin
 f - 51 stones
 h - 9 poisoned darts
 m - 6 silver boomerangs (quivered)
Armour
 b - a +0 leather armour (worn)
 c - a +0 helmet (worn)
 n - the +2 pair of gloves "Plog" (worn) {rC+}
   (You acquired it on level 4 of the Dungeon)

   rC:        It protects you from cold.
 q - a +0 chain mail
Jewellery
 M - a ring of magical power
 R - a ring of resist corrosion (left hand)
Wands
 t - a wand of flame (30)
 x - a wand of quicksilver (9)
Scrolls
 l - 2 scrolls of fog
 p - a scroll of immolation {unknown}
 v - a scroll of summoning {unknown}
Potions
 g - a potion of might {unknown}
 i - a potion of attraction {unknown}
 j - 3 potions of mutation
 k - a potion of curing {@q1}
 o - 3 potions of flight
 r - a potion of resistance {unknown}
 u - a potion of ambrosia {unknown}
 w - 2 potions of invisibility {unknown}

Dungeon Overview and Level Annotations

Branches:
Dungeon (5/15)             Temple (1/1) D:5

Altars:
Dithmenos
Fedhas
Gozag
Makhleb
Nemelex Xobeh
Okawaru
Qazlal
Sif Muna
Trog
Vehumet
Wu Jian
Xom

Annotations:
D:5 Duvessa

.........##..............##......
.........▒▒.▒▒....##..#####...###
........▒▒...▒▒.####...##.....#..
.......▒▒.....▒▒###.............#
.......▒.......▒................#
...>.......⚑.....#...............
.......▒.......▒##>..............
.......▒▒..l..▒▒###..............
...#.##.▒▒...▒▒e@§§..............
.###.##..▒▒.▒▒l####..............
.###.#.......#§..................
....................##...........
#...<...........................#
#.........................##....#
#####...................####.##.#
######.............##..[##......#
....##..............#...##......#


You could see Duvessa (berserk) and an iguana.


Message History

You throw a silver boomerang.
The silver boomerang barely misses Duvessa.
Duvessa shouts!
Duvessa goes berserk!
An iguana comes into view.
You throw a silver boomerang.
The silver boomerang barely misses Duvessa.
The iguana hisses angrily.
Duvessa hits you with a +0 short sword! Duvessa attacks as you move away!
Duvessa closely misses you.
You hit Duvessa but do no damage. Duvessa hits you with a +0 short sword.
Duvessa barely misses you.
You slash Duvessa! You freeze Duvessa.
Duvessa is moderately wounded.
Duvessa hits you with a +0 short sword! x2
* * * LOW HITPOINT WARNING * * *
Duvessa hits you but does no damage.
Unknown command.
You hit Duvessa. You freeze Duvessa.
Duvessa is moderately wounded.
Duvessa closely misses you. Duvessa hits you with a +0 short sword.
* * * LOW HITPOINT WARNING * * *
Unknown command.
As you read the scroll labelled FIAZEI ZEIN, it crumbles to dust.
The scroll dissolves into smoke.
It was a scroll of fog.
Duvessa hits you with a +0 short sword.
* * * LOW HITPOINT WARNING * * *
Unknown command.
Duvessa hits you with a +0 short sword!
You die...

Skill      XL: |  1  2  3  4  5  6  7 |
---------------+----------------------+-----
Maces & Flails | 3 4 |  4.3
Long Blades    | 2 4 5 6 |  6.6
Fighting       | |  2.0
Throwing       | |  1.7
Dodging        | |  2.6

Action                     |  1- 3 |  4- 6 |  7- 9 || total
---------------------------+-------+-------+-------++-------
  Melee: Flail             |    78 |       |       ||    78
         Triple sword      |     8 |    87 |     4 ||    99
         Punch             |     1 |       |       ||     1
  Throw: Dart              |    43 |    51 |       ||    94
         Throwing net      |     1 |     3 |     1 ||     5
         Boomerang         |       |     1 |    15 ||    16
  Evoke: Wand              |       |     1 |     1 ||     2
    Use: Scroll            |     8 |     1 |     1 ||    10
   Stab: Sleeping          |     3 |       |       ||     3
 Armour: Leather armour    |    24 |    49 |     3 ||    76
  Dodge: Dodged            |    52 |    88 |     3 ||   143

Levels and vault maps discovered:
D:1:      amcnicky_arrival_underground_garden, layout_loops_ring,
          minmay_misc_feat_square
D:2:      layout_loops_corners, kennysheep_big_empty_room
D:3:      layout_loops_ring, mainiacjoe_overflow_concentric_impassable,
          marbit_many_paths, nicolae_figureground_sparkle
D:4:      layout_gridville
D:5:      layout_rooms, lemuel_round_altar, temple_green, uniq_duvessa,
          uniq_edmund, uniq_sigmund
Temple:   nicolae_temple_bog_church

Notes
Turn   | Place    | Note
-------+----------+-------------------------------------------
     0 | D:1      | Drazool the Demonspawn Gladiator began the quest for the
                  | Orb.
     0 | D:1      | Reached XP level 1. HP: 16/16 MP: 1/1
   152 | D:1      | Reached skill level 3 in Maces & Flails
   383 | D:1      | Gained mutation: You sometimes gain a little power by
                  | taking damage. [demonic ancestry]
   383 | D:1      | Reached XP level 2. HP: 22/22 MP: 2/2
   906 | D:2      | Reached XP level 3. HP: 27/27 MP: 3/3
  1394 | D:2      | Reached skill level 4 in Maces & Flails
  1508 | D:3      | Found a shimmering blue altar of Sif Muna.
  2197 | D:3      | Found a shadowy altar of Dithmenos.
  2343 | D:4      | Identified a scroll of acquirement
  2343 | D:4      | Acquired a +0 triple sword of freezing
  2423 | D:4      | Gained mutation: You are partially covered in yellow
                  | scales. (AC +2) [demonic ancestry]
  2423 | D:4      | Reached XP level 4. HP: 21/33 MP: 4/4
  2533 | D:4      | Reached skill level 1 in Long Blades
  2631 | D:4      | Reached skill level 2 in Long Blades
  2764 | D:4      | Acquired the +2 pair of gloves "Plog" {rC+}
  3003 | D:4      | Reached XP level 5. HP: 33/38 MP: 5/5
  3127 | D:4      | Reached skill level 3 in Long Blades
  3370 | D:5      | Entered Level 5 of the Dungeon
  3424 | D:5      | Noticed Dowan
  3457 | D:5      | Killed Dowan
  3458 | D:5      | Reached skill level 4 in Long Blades
  3458 | D:5      | Gained mutation: Spells you cast may paralyse adjacent
                  | enemies. [demonic ancestry]
  3458 | D:5      | Reached XP level 6. HP: 39/44 MP: 6/6
  3500 | D:5      | Noticed Edmund
  3512 | D:5      | Killed Edmund
  3547 | D:5      | Reached skill level 5 in Long Blades
  3668 | D:5      | Found a bloodstained altar of Trog.
  3700 | D:5      | Found a staircase to the Ecumenical Temple.
  3706 | Temple   | Entered the Ecumenical Temple
  3760 | Temple   | Became a worshipper of Makhleb the Destroyer
  3804 | D:5      | Reached XP level 7. HP: 45/50 MP: 7/7
  3821 | D:5      | Noticed Sigmund
  3916 | D:5      | Killed Sigmund
  3917 | D:5      | Reached skill level 6 in Long Blades
  4050 | D:5      | Noticed Duvessa
  4061 | D:5      | Slain by Duvessa

Vanquished Creatures
  Sigmund (D:5)
  Edmund (D:5)
  A centaur (D:5)
  A phantom (D:4)
  Dowan (D:5)
  A howler monkey (D:5)
  2 hounds
  An iguana (D:4)
  5 adders
  A shadow imp (D:5)
  A white imp (D:5)
  2 ufetubi
  A worm (D:5)
  4 dart slugs
  An orc (D:3)
  6 endoplasms
  3 giant cockroaches
  9 goblins
  6 hobgoblins
  2 jackals (D:4)
  4 quokkas
  3 ball pythons
  4 bats
  6 kobolds
  2 rats
69 creatures vanquished.

Table legend: (Time is in decaauts)
 A = Elapsed time spent in this place.
 B = Non-inter-level travel time spent in this place.
 C = Inter-level travel time spent in this place.
 D = Time resting spent in this place.
 E = Time spent auto-exploring this place.
 F = Levels seen in this place.
 G = Mean time per level.
                   A        B        C        D        E       F      G
               +--------+--------+--------+--------+--------+-----+--------+
         Total |   4141 |   4055 |     86 |    160 |   3057 |   6 |  690.2 |
       Dungeon |   4069 |   3999 |     70 |    160 |   3015 |   5 |  813.8 |
        Temple |     72 |     56 |     16 |      0 |     42 |   1 |   72.0 |
               +--------+--------+--------+--------+--------+-----+--------+

Top non-repeatable levels by time:
     D:4: 1116 daAuts
     D:3: 918 daAuts
     D:2: 854 daAuts
     D:1: 617 daAuts
     D:5: 563 daAuts
  Temple: 72 daAuts

Table legend:
 A = Non-vault XP
 B = Vault XP
 C = Vault XP percentage of total XP
 D = Non-vault monster count
 E = Vault monster count
 F = Vault count percentage of total count
                 A         B        C        D         E       F
            +---------+---------+-------+---------+---------+-------
      Total |     594 |     458 |  43.5 |      65 |       4 |   5.8
            +---------+---------+-------+---------+---------+-------
        D:1 |      15 |       0 |   0.0 |       9 |       0 |   0.0
        D:2 |      38 |       0 |   0.0 |      14 |       0 |   0.0
        D:3 |      33 |       1 |   2.9 |      12 |       1 |   7.7
        D:4 |     263 |       0 |   0.0 |      22 |       0 |   0.0
        D:5 |     245 |     457 |  65.1 |       8 |       3 |  27.3
            +---------+---------+-------+---------+---------+-------
